 Dungeon Crawl Stone Soup version 0.21.1-1-g345015f (webtiles) character file.

982 inc the Gouger (level 7, -2/46 HPs)
             Began as a Felid Chaos Knight on Feb 23, 2018.
             Slain by a steam dragon (4 damage)
             ... on level 7 of the Dungeon.
             The game lasted 00:16:05 (8835 turns).

inc the Gouger (Felid Chaos Knight)                 Turns: 8835, Time: 00:16:05

Health: -2/46      AC:  2    Str:  8 (11) XL:     7   Next: 96%
Magic:  8/8        EV: 20    Int: 14 (15) God:    Xom [*.....]
Gold:   359        SH:  0    Dex: 13 (14) Spells: 3/6 levels left
                                        Lives:  0   Deaths: 2

rFire    . . .     SeeInvis +     - Unarmed
rCold    + . .     Gourm    .   (shield unavailable)
rNeg     . . .     Faith    .   (armour unavailable)
rPois    .         Spirit   .   (helmet unavailable)
rElec    .         Reflect  .   (cloak unavailable)
rCorr    .         Harm     .   (gloves unavailable)
MR       +....     Clarity  +   (boots unavailable)
Stlth    ..........             r - amulet of magic regeneration
HPRegen  0.15/turn              s - ring of protection from cold
MPRegen  0.36/turn              (no ring)

@: berserking, drained, very quick
A: very small, no armour, no weapons or thrown items, stealth, claws 1, fangs 3,
horns 1, see invisible, carnivore, clarity, clumsy 1, deterioration 1, speed 1,
high mp 1, mutation resistance 1, shaggy fur 2, slow metabolism 1, weak 1, sharp
paws
a: Renounce Religion


You were on level 7 of the Dungeon.
You worshipped Xom.
You were a special plaything of Xom.
You were not hungry.

You visited 1 branch of the dungeon, and saw 8 of its levels.
You also visited: Sewer.

You collected 359 gold pieces.

Inventory:

Jewellery
 h - a -3 ring of strength
 i - an uncursed amulet of guardian spirit
 r - an amulet of magic regeneration (around neck)
 s - a ring of protection from cold (left paw)
Wands
 g - a wand of digging (12)
 p - a wand of random effects (16)
Scrolls
 b - 4 scrolls of remove curse
 d - 2 scrolls of teleportation
 f - 3 scrolls of blinking
 l - a scroll of fog {unknown}
 m - 2 scrolls of magic mapping
 n - a scroll of enchant weapon {unknown}
 o - a scroll of enchant armour {unknown}
Potions
 c - a potion of cancellation
 q - a potion of degeneration
Books
 k - a book of Misfortune

   Spells                             Type                      Level
   a - Confusing Touch                Hexes                        1
   b - Confuse                        Hexes                        3
   c - Gell's Gravitas                Translocation                3
   d - Petrify                        Transmutation/Earth          4
   e - Metabolic Englaciation         Hexes/Ice                    5
   f - Yara's Violent Unravelling     Hexes/Transmutation          5
 u - a book of Conjurations

   Spells                             Type                      Level
   a - Magic Dart                     Conjuration                  1
   b - Searing Ray                    Conjuration                  2
   c - Dazzling Spray                 Conjuration/Hexes            3
   d - Fulminant Prism                Conjuration/Hexes            4
   e - Force Lance                    Conjuration/Translocation    4
   f - Iskenderun's Mystic Blast      Conjuration                  4
Comestibles
 a - 7 rations


   Skills:
 - Level 3.0(1.9) Fighting
 - Level 6.8(5.6) Dodging
 - Level 5.0(3.8) Stealth
 - Level 9.0(7.7) Unarmed Combat
 + Level 3.0(1.9) Conjurations
 - Level 3.4(2.3) Hexes


You had 3 spell levels left.
You knew the following spells:

 Your Spells              Type           Power        Failure   Level  Hunger
a - Confusing Touch       Hex            #.....       12%         1    ##.....
b - Searing Ray           Conj           #.....       21%         2    ###....


Dungeon Overview and Level Annotations

Branches:
Dungeon (8/15)             Temple (0/1) D:4
   Lair: D:8-11

Altars:
Ashenzari
Fedhas
Okawaru
Trog
Uskayaw
Wu Jian
Yredelemnul

Shops:
D:4 :   D:8 %

Annotations:
D:7 1994's ghost, novice OgBe


Innate Abilities, Weirdness & Mutations

You cannot wear armour.
You are incapable of wielding weapons or throwing items.
Your paws allow you to move quietly. (Stealth)
You have sharp claws.
You have razor-sharp teeth.
You have supernaturally acute eyesight. (SInv)
You are carnivorous and can eat meat at any time.
You cover ground quickly.
You are covered in thick fur. (AC +2)
You have a slow metabolism.
Your sharp claws are effective at attacking unaware monsters.
You have a pair of small horns on your head.
You possess an exceptional clarity of mind.
You are clumsy. (Dex -2)
Your body sometimes deteriorates upon taking damage.
You have an increased reservoir of magic. (+10% MP)
You are somewhat resistant to further mutation.
You are weak. (Str -2)


Message History

You closely miss the steam dragon. You headbutt the steam dragon.
The steam dragon is lightly wounded.
The hound misses you. The steam dragon misses you. The steam dragon claws you.
Your body deteriorates!
You feel dopey.
A red film seems to cover your vision as you go berserk!
You feel yourself moving faster!
You feel mighty! The hound completely misses you. The hound bites you.
* * * LOW HITPOINT WARNING * * *
Your body deteriorates!
You feel weakened. The steam dragon bites you!
* * * LOW HITPOINT WARNING * * *
The steam dragon completely misses you.
You scratch the steam dragon but do no damage.
The steam dragon is lightly wounded.
The hound barely misses you.
You claw the steam dragon!
The steam dragon is moderately wounded.
The steam dragon barely misses you. The steam dragon claws you.
You die...
Xom giggles madly!

#..........(..
#............
#........... ####
#........... ###..##
##..........
#.....## ##.........
#......## #..)......
#...h...###...(.....
#..@.....###).......
#.D......[##)..[....
#.................##
##............##....
##............####..
#............## ###
#.##...).##..# #
####...####..# #####
..##


You could see a steam dragon and a hound.

Vanquished Creatures
  3 sky beasts (D:6)
  Purgy (D:3)
  2 centaurs (D:7)
  A crocodile (Sewer)
  A big kobold (D:7)
  A bullfrog (D:6)
  A scorpion (D:7)
  A howler monkey (D:4)
  3 crimson imps (D:5)
  2 bullfrog zombies (D:5)
  A hound (D:6)
  3 orc priests
  2 jellies
  A bullfrog skeleton (D:5)
  An iguana (D:7)
  A centaur skeleton (D:8)
  4 orc wizards (D:7)
  3 worker ants
  Robin (D:2)
  3 gnolls (D:6)
  8 adders
  A shadow imp (D:6)
  An adder zombie (D:6)
  An adder skeleton (D:5)
  2 worms (D:3)
  3 dart slugs
  6 leopard geckos
  23 orcs
  3 ball pythons (D:1)
  5 giant cockroaches
  12 goblins
  6 hobgoblins
  8 jackals
  23 kobolds
  3 quokkas
  A ball python skeleton (D:5)
  8 bats
  4 frilled lizards
  A quokka skeleton (D:7)
  14 rats
169 creatures vanquished.

Vanquished Creatures (collateral kills)
  Edmund (D:4)
  A bullfrog (D:6)
2 creatures vanquished.

Grand Total: 171 creatures vanquished

Notes
Turn   | Place    | Note
-------+----------+-------------------------------------------
     0 | D:1      | inc the Felid Chaos Knight began the quest for the Orb.
     0 | D:1      | Reached XP level 1. HP: 10/10 MP: 2/2
   246 | D:1      | XOM: divination: detect creatures
   300 | D:1      | Reached XP level 2. HP: 13/14 MP: 3/3
   323 | D:1      | XOM: divination: magic mapping
   473 | D:1      | XOM: harmless Chrm miscast
   519 | D:1      | Reached skill level 4 in Unarmed Combat
   772 | D:1      | XOM is BORED!
   772 | D:1      | XOM: harmless Tmut miscast
   779 | D:1      | Reached XP level 3. HP: 11/17 MP: 4/4
   811 | D:1      | XOM is BORED!
   811 | D:1      | XOM: mild Conj miscast
  1078 | D:1      | XOM: noise
  1402 | D:1      | XOM: stat loss: -1 Str (7/8)
  1690 | D:2      | XOM: severe Ice miscast
  1867 | D:2      | XOM: draining
  2116 | D:2      | Noticed Robin
  2138 | D:2      | XOM: 8-stop teleportation journey
  2425 | D:2      | Killed Robin
  2634 | D:2      | Reached XP level 4. HP: 16/21 MP: 5/5
  2726 | D:2      | Reached skill level 5 in Unarmed Combat
  3047 | D:3      | XOM: summons friendly ufetubus
  3053 | D:3      | XOM: butterfly on damage
  3054 | D:2      | XOM: cast spell 'Call Canine Familiar'
  3056 | D:2      | HP: 1/21 [orc wizard/dagger of electrocution (6)]
  3056 | D:2      | Demolished by an orc wizard
  3057 | D:2      | Reached XP level 3. HP: -19/17 MP: 4/4
  3103 | D:3      | Found a blossoming altar of Fedhas.
  3161 | D:3      | XOM: butterfly on damage
  3162 | D:3      | Reached XP level 4. HP: 8/21 MP: 5/5
  3287 | D:2      | XOM: cloud trail
  3353 | D:3      | XOM: fake destruction
  3558 | D:3      | Noticed Purgy
  3562 | D:3      | XOM: divination: detect creatures
  3577 | D:3      | XOM: summons friendly white imp
  3589 | D:3      | Killed Purgy
  3589 | D:3      | Reached skill level 6 in Unarmed Combat
  3589 | D:3      | Reached XP level 5. HP: 24/24 MP: 6/6
  3647 | D:3      | Noticed a hand axe
  3648 | D:3      | Noticed a dagger
  3648 | D:3      | Found a hide-covered altar of Uskayaw.
  3762 | D:3      | XOM: divination: magic mapping
  3763 | D:3      | XOM: butterfly on damage
  4102 | D:3      | Found a basalt altar of Yredelemnul.
  4165 | D:4      | Found a staircase to the Ecumenical Temple.
  4200 | D:4      | Found Peniovan's Book Shoppe.
  4299 | D:4      | Reached skill level 7 in Unarmed Combat
  4299 | D:4      | Gained mutation: You are covered in thick fur. (AC +2) [Felid growth]
  4299 | D:4      | Reached XP level 6. HP: 21/28 MP: 7/7
  4570 | D:4      | XOM: divination: magic mapping
  4600 | D:4      | Noticed Edmund
  4616 | D:4      | Killed Edmund
  5150 | D:4      | XOM: divination: detect items
  5157 | D:4      | XOM: divination: magic mapping
  5167 | D:4      | Found a shattered altar of Ashenzari.
  5174 | D:4      | XOM: harmless Tloc miscast
  5352 | D:5      | Entered Level 5 of the Dungeon
  5449 | D:5      | XOM: confuse monster(s)
  5477 | D:5      | Reached skill level 8 in Unarmed Combat
  5524 | D:5      | Found an iron altar of Okawaru.
  5532 | D:5      | XOM: harmless Summ miscast
  5569 | D:5      | Reached XP level 7. HP: 25/31 MP: 5/8
  5614 | D:5      | XOM: mild Necr miscast
  5948 | D:6      | XOM: harmless Chrm miscast
  6032 | D:6      | XOM: summons friendly iron imp
  6040 | D:6      | Reached skill level 9 in Unarmed Combat
  6066 | D:6      | Learned a level 1 spell: Confusing Touch
  6142 | D:6      | XOM: summons 4 friendly demons
  6148 | D:6      | Reached skill level 1 in Hexes
  6264 | D:6      | XOM: silly message
  6461 | D:6      | XOM: enchant monster (bad)
  6532 | D:6      | XOM: confuse monster(s)
  6572 | D:6      | Found a glowing drain.
  6576 | Sewer    | Entered a sewer
  6871 | Sewer    | XOM: give mutations
  6871 | Sewer    | Gained mutation: You are somewhat resistant to further mutation. [Xom's grace]
  6871 | Sewer    | Gained mutation: Your skin changes colour to match your surroundings (Stealth+). [Xom's grace]
  6940 | D:6      | Reached skill level 5 in Dodging
  6967 | D:6      | XOM: destruction
  6972 | D:6      | Reached XP level 8. HP: 19/34 MP: 9/9
  7009 | D:6      | Found a bloodstained altar of Trog.
  7288 | D:6      | XOM: medium Necr miscast
  7341 | D:6      | XOM: give mutations
  7341 | D:6      | Lost mutation: Your skin changes colour to match your surroundings (Stealth+). [Xom's mischief]
  7341 | D:6      | Gained mutation: You are clumsy. (Dex -2) [Xom's mischief]
  7341 | D:6      | Gained mutation: You are frail. (-10% HP) [Xom's mischief]
  7635 | D:5      | Learned a level 2 spell: Searing Ray
  7672 | D:6      | XOM: give mutations
  7672 | D:6      | Gained mutation: Your body sometimes deteriorates upon taking damage. [Xom's mischief]
  7672 | D:6      | Gained mutation: You are weak. (Str -2) [Xom's mischief]
  7672 | D:6      | Gained mutation: You have a pair of small antennae on your head. [Xom's mischief]
  7749 | D:7      | Lost mutation: Your body sometimes deteriorates upon taking damage. [potion of mutation]
  7749 | D:7      | Lost mutation: You are frail. (-10% HP) [potion of mutation]
  7757 | D:7      | Reached skill level 1 in Conjurations
  7774 | D:7      | XOM: noise
  7786 | D:7      | XOM: harmless Pois miscast
  7840 | D:7      | XOM: confuse monster(s)
  8109 | D:7      | XOM: harmless Tmut miscast
  8133 | D:7      | XOM: harmless Fire miscast
  8148 | D:7      | XOM: potion effect (agility)
  8166 | D:7      | Reached skill level 5 in Stealth
  8189 | D:7      | XOM: potion effect (might)
  8194 | D:7      | XOM: silly message
  8194 | D:7      | Killed from afar by an orc priest
  8195 | D:7      | Reached XP level 7. HP: -3/31 MP: 0/8
  8205 | D:7      | XOM: give mutations
  8205 | D:7      | Lost mutation: You are clumsy. (Dex -2) [Xom's mischief]
  8205 | D:7      | Gained mutation: Your body sometimes deteriorates upon taking damage. [Xom's mischief]
  8205 | D:7      | Gained mutation: You are clumsy. (Dex -2) [Xom's mischief]
  8205 | D:7      | Gained mutation: You have an increased reservoir of magic. (+10% MP) [Xom's mischief]
  8272 | D:7      | XOM: chaos cloud
  8285 | D:7      | XOM: mild Tmut miscast
  8420 | D:7      | Found an ornate altar of the Wu Jian Council.
  8475 | D:7      | Lost mutation: You have a pair of small antennae on your head. [potion of mutation]
  8475 | D:7      | Gained mutation: You possess an exceptional clarity of mind. [potion of mutation]
  8475 | D:7      | Gained mutation: You have a pair of small horns on your head. [potion of mutation]
  8509 | D:7      | Noticed 1994's ghost (novice OgBe)
  8518 | D:7      | XOM: swap monsters
  8648 | D:8      | Noticed a steam dragon
  8658 | D:8      | Found Xadypse's Food Shop.
  8819 | D:8      | XOM: draining
  8827 | D:8      | XOM: blink monster(s)
  8828 | D:8      | XOM: polymorph steam dragon -> steam dragon
  8833 | D:7      | HP: 2/46 [steam dragon (9)]
  8835 | D:7      | Slain by a steam dragon

Skill      XL: |  1  2  3  4  5  6  7  8 |
---------------+-------------------------+-----
Unarmed Combat | 4 6 7 8 9 |  9.0
Hexes          | 3 |  3.4
Dodging        | 5 6 |  6.8
Conjurations   | 3 1 |  3.0
Stealth        | 5 |  5.0
Fighting       | |  3.0

Action                   |  1- 3 |  4- 6 |  7- 9 || total
-------------------------+-------+-------+-------++-------
Melee: Unarmed           |   176 |   145 |   325 ||   646
       Bite              |     9 |    11 |    20 ||    40
       Punch             |     2 |     6 |    12 ||    20
       Headbutt          |       |       |     2 ||     2
 Cast: Confusing Touch   |       |       |     3 ||     3
       Searing Ray       |       |       |     1 ||     1
  Use: Scroll            |     1 |     4 |     3 ||     8
       Potion            |     1 |     1 |    11 ||    13
 Stab: Sleeping          |     3 |     4 |     2 ||     9
       Confused          |       |     1 |     1 ||     2
       Distracted        |       |       |     1 ||     1
       Invisible         |       |       |     4 ||     4
  Eat: Chunk             |     7 |       |     2 ||     9
       Ration            |     1 |       |     1 ||     2
Armor: Skin              |    10 |    44 |    13 ||    67
Dodge: Dodged            |   130 |    85 |   307 ||   522
